 Dungeon Crawl Stone Soup version 0.18.1-48-g4cf74bf (webtiles) character file.

3189 nikopol the Fighter (level 9, -1/83 HPs)
             Began as a Minotaur Berserker on July 4, 2016.
             Was an Elder of Trog.
             Killed by divine providence
             ... invoked by an orc priest
              (11 damage)
             ... on level 7 of the Dungeon.
             The game lasted 00:12:35 (5428 turns).

nikopol the Fighter (Minotaur Berserker)            Turns: 5428, Time: 00:12:37

Health: -1/83      AC: 11    Str: 22    XL:     9   Next: 64%
Magic:  0/8        EV: 14    Int:  4    God:    Trog [****..]
Gold:   276        SH:  0    Dex: 13    Spells: 0 memorised, 8 levels left

rFire  . . .     SeeInvis .     a - +0 spear
rCold  . . .     Gourm    .     v - +0 scale mail
rNeg   + . .     Faith    .     (no shield)
rPois  .         Spirit   +     (helmet restricted)
rElec  .         Dismiss  .     J - +0 cloak
rCorr  .         Reflect  .     w - +0 pair of gloves
SustAt .         Harm     .     (no boots)
MR     .....                    N - amulet of guardian spirit
Stlth  ..........               (no ring)
                                x - ring of positive energy

@: exhausted, slowed, very slow, not resistant to hostile enchantments,
extremely unstealthy
A: retaliatory headbutt, horns 2
a: Berserk, Trog's Hand, Brothers in Arms, Burn Spellbooks, Renounce Religion


You were on level 7 of the Dungeon.
You worshipped Trog.
Trog was greatly pleased with you.
You were near starving.

You visited 1 branch of the dungeon, and saw 7 of its levels.
You also visited: Sewer.

You collected 276 gold pieces.

Inventory:

Hand Weapons
 a - a +0 spear (weapon)
Missiles
 s - 91 arrows (quivered)
Armour
 b - a +0 animal skin
 m - a +0 ring mail
 v - a +0 scale mail (worn)
 w - a +0 pair of gloves (worn)
 J - a +0 cloak (worn)
Jewellery
 x - a ring of positive energy (left hand)
 N - an amulet of guardian spirit (around neck)
Wands
 L - a wand of flame (28/48)
Scrolls
 d - a scroll of amnesia
 e - 2 scrolls of recharging {unknown}
 k - 2 scrolls of fog
 n - 3 scrolls of magic mapping
 q - 5 scrolls of identify {unknown}
 y - 4 scrolls of remove curse {unknown}
 A - 5 scrolls of fear {unknown}
 C - 2 scrolls of random uselessness {unknown}
 D - 2 scrolls of immolation {unknown}
 E - a scroll of blinking {unknown}
 F - 2 scrolls of teleportation
 K - a scroll of noise {unknown}
 M - a scroll of brand weapon {unknown}
Potions
 g - 2 potions of mutation {unknown}
 h - 3 potions of lignification {unknown}
 i - 2 potions of brilliance {unknown}
 j - a potion of flight {unknown}
 o - a potion of heal wounds {unknown}
 p - a potion of ambrosia {unknown}
 t - 2 potions of cancellation {unknown}
 u - a potion of agility {unknown}
 z - 3 potions of curing {unknown}
 B - 6 potions of might {unknown}
 G - 2 potions of berserk rage {unknown}
 H - 2 potions of degeneration {unknown}
 O - 2 potions of haste {unknown}
Comestibles
 c - 4 bread rations
 f - 4 meat rations
 r - 2 slices of pizza
 I - a beef jerky


   Skills:
 + Level 9.0 Fighting
 + Level 8.8 Polearms
 + Level 8.5 Armour
 + Level 7.9 Dodging


You had 8 spell levels left.
You didn't know any spells.

Dungeon Overview and Level Annotations

Branches:
Dungeon (7/15)             Temple (0/1) D:4

Altars:
Ashenzari
Elyvilon
Fedhas
Gozag
Nemelex Xobeh
Pakellas
Qazlal
Ru
Xom
Yredelemnul


Innate Abilities, Weirdness & Mutations

You reflexively headbutt those who attack you in melee.
You have a pair of horns on your head.


Message History

The orc priest casts a cantrip, but nothing happens.
The orc hits you but does no damage.
You feel sick.
You are no longer poisoned.
The orc barely misses you. The orc warrior hits you with a mace!
* * * LOW HITPOINT WARNING * * *
An iguana comes into view.
The iguana hisses angrily.
The orc barely misses you. You furiously retaliate!
You headbutt the orc. The orc closely misses you. You furiously retaliate!
You headbutt the orc!
You kill the orc!
Trog accepts your kill. The orc closely misses you.
The orc warrior hits you with a mace!
* * * LOW HITPOINT WARNING * * *
The orc barely misses you.
Your ogre goes berserk!
You feel somewhat more hungry.
The orc priest mumbles some strange prayers to Beogh against you.
Beogh smites you!
You die...

####...† #.### ##.# # .#
############ ##<.### ....
#..........###..###. #l.
#................##.
#..###O...............##.
#....#./..............##.
#.....o@..............#.
##....oo..............#.
##...o...#######.####.#.
. #.........# #.####..#
.. #.....††..# #.....#.#
... #...).....# #####...#
.... #...$))......# ##...
.....#.........##.# ###.
...............# # #.


You could see an orc warrior, an orc priest, 2 orcs and a friendly ogre
(berserk).

Vanquished Creatures
  The ghost of Rationalist the Shield-Bearer, an amateur FoFi (D:4)
  Prince Ribbit (D:5)
  Sigmund (D:5)
  Edmund (D:4)
  An orc warrior (D:6)
  An ice beast (D:7)
  2 sky beasts
  A black bear (D:7)
  2 ogres
  6 giant frogs
  A scorpion (D:7)
  6 killer bees (D:7)
  5 wights (D:6)
  2 howler monkeys
  2 crimson imps
  3 hounds
  A centaur skeleton (D:4)
  2 giant frog skeletons
  2 orc priests
  A jelly (D:5)
  7 orc wizards
  An iguana (D:6)
  7 worker ants
  2 worker ant zombies (D:5)
  3 gnolls (D:6)
  6 adders
  A river rat (D:4)
  A shadow imp (D:7)
  2 oozes (D:3)
  2 adder skeletons (D:5)
  3 worms
  2 dart slugs
  11 giant geckos
  19 orcs
  4 ball pythons
  2 giant cockroaches
  3 goblins
  5 hobgoblins
  4 jackals (D:1)
  A quokka (D:4)
  5 bats
  A giant gecko skeleton (D:4)
  17 giant newts
  A jackal skeleton (D:7)
  4 kobolds
  11 rats
167 creatures vanquished.

Notes
Turn   | Place    | Note
--------------------------------------------------------------
     0 | D:1      | nikopol the Minotaur Berserker began the quest for the Orb.
     0 | D:1      | Reached XP level 1. HP: 19/19 MP: 0/0
   337 | D:1      | Reached XP level 2. HP: 24/27 MP: 1/1
   619 | D:1      | Reached skill level 4 in Fighting
   716 | D:2      | Found a shimmering altar of Xom.
   723 | D:2      | Found a blossoming altar of Fedhas.
   730 | D:2      | Found a stormy altar of Qazlal.
   739 | D:2      | Found an oddly glowing altar of Pakellas.
   807 | D:2      | Reached XP level 3. HP: 32/33 MP: 2/2
  1097 | D:2      | Reached ** piety under Trog
  1292 | D:2      | Found a sacrificial altar of Ru.
  1850 | D:3      | Reached XP level 4. HP: 40/40 MP: 3/3
  2344 | D:4      | Found a glowing drain.
  2345 | D:4      | Noticed Rationalist's ghost (amateur FoFi)
  2370 | D:4      | Killed Rationalist's ghost
  2370 | D:4      | Reached skill level 5 in Fighting
  2370 | D:4      | Reached skill level 5 in Polearms
  2370 | D:4      | Reached XP level 5. HP: 46/48 MP: 4/4
  2370 | D:4      | Reached XP level 6. HP: 54/56 MP: 5/5
  2385 | Sewer    | Entered a sewer
  3037 | D:4      | Reached *** piety under Trog
  3097 | D:4      | Noticed Edmund
  3104 | D:4      | Killed Edmund
  3104 | D:4      | Reached XP level 7. HP: 62/62 MP: 6/6
  3181 | D:4      | Found a staircase to the Ecumenical Temple.
  3393 | D:5      | Entered Level 5 of the Dungeon
  3397 | D:5      | Noticed Prince Ribbit
  3408 | D:5      | Reached skill level 6 in Fighting
  3408 | D:5      | Reached skill level 5 in Armour
  3524 | D:5      | Reached skill level 5 in Dodging
  3607 | D:5      | Killed Prince Ribbit
  3642 | D:5      | Reached XP level 8. HP: 51/71 MP: 7/7
  3803 | D:5      | Noticed Sigmund
  3819 | D:5      | Killed Sigmund
  3819 | D:5      | Reached skill level 7 in Fighting
  4125 | D:6      | Reached **** piety under Trog
  4328 | D:6      | Found a shattered altar of Ashenzari.
  4371 | D:6      | Found a basalt altar of Yredelemnul.
  4474 | D:6      | Found a white marble altar of Elyvilon.
  4592 | D:6      | Reached XP level 9. HP: 80/81 MP: 8/8
  4597 | D:6      | Reached skill level 8 in Fighting
  4754 | D:6      | Found a sparkling altar of Nemelex Xobeh.
  4754 | D:6      | Found an opulent altar of Gozag.
  5407 | D:7      | Reached skill level 9 in Fighting
  5428 | D:7      | Killed from afar by an orc priest

Skill      XL: |  1  2  3  4  5  6  7  8  9 |
---------------+----------------------------+-----
Fighting       | 4 5 6 7 9 |  9.0
Polearms       | 4 5 6 7 8 |  8.8
Armour         | 3 4 5 7 8 |  8.5
Dodging        | 3 4 5 6 7 |  7.9

Action                   |  1- 3 |  4- 6 |  7- 9 || total
-------------------------+-------+-------+-------++-------
Melee: Spear             |   123 |   117 |   374 ||   614
       Headbutt          |    13 |    14 |    71 ||    98
Invok: Berserk           |       |     2 |     6 ||     8
       Burn Spellbooks   |       |     1 |       ||     1
       Brothers in Arms  |       |       |     1 ||     1
  Use: Scroll            |       |     4 |       ||     4
  Eat: Chunk             |     3 |     4 |    13 ||    20
       Pizza             |       |     1 |       ||     1
Armor: Animal skin       |     3 |       |       ||     3
       Ring mail         |     7 |       |       ||     7
       Scale mail        |     6 |    28 |   102 ||   136
Dodge: Dodged            |    42 |    29 |   157 ||   228
